 Dungeon Crawl Stone Soup version 0.30-a0-40-gc6d0f036a7 (webtiles) character file.

Game seed: 2628614273514964227

17 ytrimaz the Insei (level 2, 0/18 HPs)
             Began as an Octopode Transmuter on Aug 29, 2022.
             Slain by a hobgoblin (4 damage)
             ... on level 2 of the Dungeon.
             The game lasted 00:00:27 (756 turns).

ytrimaz the Insei (Octopode Transmuter)              Turns: 756, Time: 00:00:28

Health: 0/18       AC:  1    Str:  9    XL:     2   Next: 62%
Magic:  5/5        EV: 13    Int: 15    God:
Gold:   131        SH:  0    Dex: 12    Spells: 4/5 levels left

rFire   . . .      SeeInvis .      - Unarmed
rCold   . . .      Faith    .    (no shield)
rNeg    . . .      Spirit   .    (helmet restricted)
rPois   .          Reflect  .    (no amulet)
rElec   .          Harm     .    (no ring)
rCorr   .          Rampage  .    (no ring)
Will    .....                    (no ring)
Stlth   ++........               (no ring)
HPRegen 0.06/turn                (no ring)
MPRegen 0.09/turn                (no ring)
                                 (no ring)
                                 (no ring)

@: no status effects
A: almost no armour, amphibious, 8 rings, camouflage 1, gelatinous body 1,
(nimble swimmer 1), tentacles
a: no special abilities


You were on level 2 of the Dungeon.
You visited 1 branch of the dungeon, and saw 2 of its levels.

You collected 131 gold pieces.

Inventory:

Scrolls
 d - a scroll of acquirement {unknown}
 e - 3 scrolls of amnesia {unknown}
 h - a scroll of fog {unknown}
 j - a scroll of identify {unknown}
 k - a scroll of enchant weapon {unknown}
Potions
 a - 2 potions of lignification
 b - 3 potions of curing {unknown}
 c - 2 potions of magic {unknown}
 f - 2 potions of ambrosia {unknown}
 g - a potion of heal wounds {unknown}
 i - 2 potions of degeneration {unknown}


   Skills:
 - Level 1.0 Fighting
 - Level 2.0 Dodging
 + Level 3.9 Unarmed Combat
 - Level 2.0 Spellcasting
 - Level 2.0 Transmutations


You had 4 spell levels left.
You knew the following spells:

 Your Spells              Type           Power      Damage    Failure   Level
a - Beastly Appendage     Tmut           14%        N/A       10%         1

Your spell library contained the following spells:

 Spells                   Type           Power      Damage    Failure   Level
 Wereblood                Tmut           7%         N/A       14%         2
 Apportation              Tloc           2%         N/A       22%         1
 Spider Form              Tmut/Pois      4%         N/A       41%         3
 Ice Form                 Ice/Tmut       4%         N/A       82%         4
 Alistair's Intoxication  Tmut/Pois      2%         N/A       99%         5


Dungeon Overview and Level Annotations

Branches:
Dungeon (2/15)

Altars:


Innate Abilities, Weirdness & Mutations

You cannot wear most types of armour.
You are amphibious.
You can wear up to eight rings at the same time.
Your skin changes colour to match your surroundings (Stealth+).
Your rubbery body absorbs attacks. (AC +1, EV +1)
((You are camouflaged when in or above water. (Stealth+)))
You have tentacles for arms and can constrict up to eight enemies at once.


Message History

The ball python is heavily wounded.
You constrict the ball python. The ball python bites you.
The ball python misses you. The ball python bites you.
The ball python misses you.
You tentacle-slap the ball python.
You kill the ball python!
You closely miss the hobgoblin. Your grab misses the hobgoblin.
Your tentacle spike misses the hobgoblin.
Your tentacle-slap misses the hobgoblin.
The hobgoblin misses you.
You closely miss the hobgoblin. Your grab misses the hobgoblin.
Your squeeze misses the hobgoblin. You closely miss the hobgoblin.
Your grab misses the hobgoblin.
You pierce the hobgoblin, but do no damage.
A frilled lizard comes into view.
The hobgoblin hits you. The hobgoblin barely misses you.
An endoplasm comes into view.
The frilled lizard hisses angrily.
You tentacle-slap the hobgoblin.
You kill the hobgoblin!
You closely miss the hobgoblin. Your grab misses the hobgoblin.
Your tentacle spike misses the hobgoblin.
Your squeeze misses the hobgoblin.
Your tentacle spike disappears.
The hobgoblin completely misses you.
A rat comes into view.
The hobgoblin hits you.
You see here a +0 club.
You are too injured to fight recklessly!
You are too injured to fight recklessly!
You are too injured to fight recklessly!
You tentacle-slap the hobgoblin but do no damage.
Your grab misses the hobgoblin. The endoplasm hits you.
The hobgoblin closely misses you.
You completely miss the hobgoblin. Your grab misses the hobgoblin.
The endoplasm freezes you.
You are frozen.
* * * LOW HITPOINT WARNING * * *
The rat barely misses you. The hobgoblin hits you.
You die...

###.......)#
#...........#### .# ##
#..............# .#
#.. #.....#...(....#
.# #..#
#.....#........#
.##...
#.....#........# ....#
#######.......)##....#
#......(.g#r.#
#.........@J.#
#........####.#
######.#.# #.#.# #.#l#
#.[.# ##... ...


You could see an endoplasm, a hobgoblin and a rat.

Vanquished Creatures
  An orc (D:2)
  2 ball pythons
  3 endoplasms
  2 goblins (D:1)
  A hobgoblin (D:2)
  2 frilled lizards
  2 kobolds (D:2)
  2 rats (D:1)
15 creatures vanquished.

Notes
Turn   | Place    | Note
-------+----------+-------------------------------------------
     0 | D:1      | ytrimaz the Octopode Transmuter began the quest for the
                  | Orb.
     0 | D:1      | Reached XP level 1. HP: 13/13 MP: 3/3
   355 | D:1      | Reached XP level 2. HP: 18/18 MP: 3/5
   756 | D:2      | Slain by a hobgoblin

Illustrated notes

Levels and vault maps discovered:
D:1:      dpeg_arrival_arbitrary_a, layout_rooms
D:2:      layout_basic, minmay_vboxes, uniq_crazy_yiuf_cottage

Action                   || total
-------------------------++-------
Melee: Unarmed           ||    28
       Kick              ||     6
       Constrict         ||     5
       Tentacles         ||     3
       Punch             ||     2
 Cast: Beastly Appendage ||     9
 Stab: Sleeping          ||     4
Dodge: Dodged            ||    11

Table legend: (Time is in decaauts)
 A = Elapsed time spent in this place.
 B = Non-inter-level travel time spent in this place.
 C = Inter-level travel time spent in this place.
 D = Time resting spent in this place.
 E = Time spent auto-exploring this place.
 F = Levels seen in this place.
 G = Mean time per level.
                   A        B        C        D        E       F      G
               +--------+--------+--------+--------+--------+-----+--------+
         Total |    754 |    721 |     33 |      0 |    603 |   2 |  377.0 |
       Dungeon |    754 |    721 |     33 |      0 |    603 |   2 |  377.0 |
               +--------+--------+--------+--------+--------+-----+--------+

Top non-repeatable levels by time:
     D:1: 576 daAuts
     D:2: 177 daAuts
